 Dungeon Crawl Stone Soup version 0.24-a0-458-gfcb5e6da0e (webtiles) character file.

Game seed: 3996878948626982677

117 Azzok the Chopper (level 4, -9/35 HPs)
             Began as a Demonspawn Fighter on June 27, 2019.
             Mangled by an ogre
             ... wielding a +0 giant spiked club
              (27 damage)
             ... on level 4 of the Dungeon.
             The game lasted 00:03:52 (3711 turns).

Azzok the Chopper (Demonspawn Fighter)              Turns: 3711, Time: 00:03:53

Health: -9/35      AC:  9    Str: 22    XL:     4   Next: 71%
Magic:  4/4        EV:  7    Int:  9    God:
Gold:   157        SH:  9    Dex: 13    Spells: 3/3 levels left

rFire    . . .     SeeInvis .   x - -3 hand axe (curse)
rCold    + + .     Gourm    .   c - +0 shield
rNeg     . . .     Faith    .   b - +0 scale mail
rPois    .         Spirit   .   i - +1 helmet
rElec    .         Reflect  .   (no cloak)
rCorr    .         Harm     .   l - +0 pair of gloves
MR       .....                  (no boots)
Stlth    ..........             (no amulet)
HPRegen  0.11/turn              h - +1 ring of slaying
MPRegen  0.09/turn              n - ring of protection from cold

@: mighty
A: cold resistance 1
a: no special abilities


You were on level 4 of the Dungeon.
You were not hungry.

You visited 1 branch of the dungeon, and saw 4 of its levels.

You collected 157 gold pieces.

Inventory:

Hand Weapons
 a - a +1 war axe
 x - a cursed -3 hand axe (weapon)
Armour
 b - a +0 scale mail (worn)
 c - a +0 shield (worn)
 i - a +1 helmet (worn)
 l - a +0 pair of gloves (worn)
Jewellery
 h - a +1 ring of slaying (left hand)
 n - a ring of protection from cold (right hand)
Wands
 p - a wand of enslavement (8)
Scrolls
 e - a scroll of enchant weapon
 g - 2 scrolls of immolation
 q - a scroll of magic mapping
Potions
 d - a potion of might
 k - 2 potions of flight
 m - 2 potions of haste
 o - a potion of experience {unknown}
 s - a potion of curing
 t - a potion of invisibility
Comestibles
 f - 2 rations
 j - a chunk of flesh


   Skills:
 - Level 3.0 Fighting
 + Level 4.5 Axes
 - Level 2.6 Armour
 - Level 2.6 Shields


You had 3 spell levels left.
You didn't know any spells.
Your spell library was empty.

Dungeon Overview and Level Annotations

Branches:
Dungeon (4/15)
 Temple: D:4-7

Altars:


Innate Abilities, Weirdness & Mutations

Your flesh is cold resistant. (rC+)


Message History

You hit the dart slug but do no damage.
The dart slug is lightly wounded.
The dart slug bites you but does no damage.
You feel very mighty all of a sudden. The ogre barely misses you.
You hit the ogre.
The ogre is lightly wounded.
You hit the dart slug. The dart slug bites you. You block the ogre's attack.
You barely miss the ogre.
The ogre is lightly wounded.
You slash the dart slug!
You kill the dart slug!
You slash the ogre!
The ogre is moderately wounded.
The ogre hits you with a +0 giant spiked club!
You hit the ogre but do no damage.
The ogre is moderately wounded.
The ogre hits you with a +0 giant spiked club!!
Ouch! That really hurt!
You die...

▒▒▒▒▒▒▒ ▒[····▒▒▒▒▒▒▒▒▒
▒▒'▒▒▒·········▒▒▒▒▒
▒···▒▒▒▒▒▒▒····▒····
▒···▒ ▒····▒···· ▒···▒▒
▒········· ▒··@·▒
▒·······÷· ▒▒··O▒
▒······▒▒· ▒····▒
▒▒·····▒▒· ▒▒·$···
▒········ ▒▒·····
▒·······)
▒······╬······[·
▒▒····▒·▒······
▒▒▒▒▒▒▒▒▒▒▒▒▒▒▒·····<··
▒···················▒··


You could see an ogre.

Vanquished Creatures
  4 adders (D:2)
  An ooze (D:3)
  A worm (D:3)
  4 dart slugs
  3 leopard geckos
  An orc (D:3)
  3 giant cockroaches
  5 goblins
  7 hobgoblins
  3 quokkas
  A ball python (D:3)
  A ball python skeleton (D:4)
  12 bats
  A frilled lizard (D:1)
  7 kobolds
  7 rats
61 creatures vanquished.

Notes
Turn   | Place    | Note
-------+----------+-------------------------------------------
     0 | D:1      | Azzok the Demonspawn Fighter began the quest for the Orb.
     0 | D:1      | Reached XP level 1. HP: 18/18 MP: 1/1
   128 | D:1      | Reached skill level 2 in Axes
   517 | D:1      | Gained mutation: Your flesh is cold resistant. (rC+)
                  | [demonic ancestry]
   517 | D:1      | Reached XP level 2. HP: 24/24 MP: 2/2
  1248 | D:1      | Reached skill level 3 in Axes
  1504 | D:2      | Reached XP level 3. HP: 27/29 MP: 3/3
  1917 | D:2      | Reached XP level 4. HP: 35/35 MP: 4/4
  2075 | D:2      | Reached skill level 4 in Axes
  3411 | D:4      | Noticed an ogre
  3711 | D:4      | Mangled by an ogre

Levels and vault maps discovered:
D:1:      noname_arrival_rooms_in_the_neighbourhood, layout_loops_corners,
          minmay_misc_feat_pillars, minivault_11
D:2:      layout_basic
D:3:      layout_basic, chequers_arboretum, kennysheep_generic_room_5
D:4:      layout_basic, lightli_corner_chamber

Skill      XL: |  1  2  3  4 |
---------------+-------------+-----
Axes           | 2 3 4 |  4.5
Fighting       | |  3.0
Armour         | |  2.6
Shields        | |  2.6

Action                   |  1- 3 |  4- 6 || total
-------------------------+-------+-------++-------
Melee: War axe           |   131 |    42 ||   173
       Hand axe          |       |    70 ||    70
  Use: Scroll            |       |    10 ||    10
       Potion            |       |     1 ||     1
  Eat: Chunk             |     3 |     6 ||     9
Armor: Scale mail        |    73 |    62 ||   135
Dodge: Dodged            |    40 |    27 ||    67
Block: Shield            |    82 |    62 ||   144

Table legend:
 A = Non-vault XP
 B = Vault XP
 C = Vault XP percentage of total XP
 D = Non-vault monster count
 E = Vault monster count
 F = Vault count percentage of total count
                 A         B        C        D         E       F
            +---------+---------+-------+---------+---------+-------
      Total |     166 |       2 |   1.2 |      60 |       1 |   1.6
            +---------+---------+-------+---------+---------+-------
        D:1 |      34 |       0 |   0.0 |      17 |       0 |   0.0
        D:2 |      83 |       0 |   0.0 |      22 |       0 |   0.0
        D:3 |      40 |       2 |   4.8 |      17 |       1 |   5.6
        D:4 |       9 |       0 |   0.0 |       4 |       0 |   0.0
            +---------+---------+-------+---------+---------+-------
